 Dungeon Sprint DCSS version 0.24.0-1-gfbc8707 (webtiles) character file.

Game seed: 11865031003742139657, levelgen mode: deterministic

70464 Fang the Slayer (level 15, -7/104 HPs)
             Began as a Gargoyle Berserker on Nov 7, 2019.
             Was the Champion of Trog.
             Killed by divine providence
             ... invoked by a black draconian stormcaller
              (12 damage)
             ... in the Dungeon (Sprint V: "Ziggurat Sprint").
             The game lasted 00:09:01 (2003 turns).

Fang the Slayer (Gargoyle Berserker)                Turns: 2003, Time: 00:09:01

Health: -7/104     AC: 46    Str: 28    XL:     15   Next: 33%
Magic:  15/15      EV:  8    Int:  7    God:    Trog [******]
Gold:   0          SH: 26    Dex:  9    Spells: 14/14 levels left

rFire    . . .     SeeInvis +   g - +5 broad axe (freeze)
rCold    + . .     Gourm    .   E - +18 shield of the Gong {rElec rN+ MR+ EV-5}
rNeg     + + .     Faith    .   b - +15 Maxwell's patent armour {-Cast -Tele rElec MR+ rCorr}
rPois    ∞         Spirit   .   (no helmet)
rElec    +         Reflect  .   A - +0 cloak {+Inv}
rCorr    +         Harm     .   y - +0 pair of fencer's gloves {Riposte Dex+3}
MR       +++++     NoTele   +   (no boots) Stlth ..........NoCast +
                                N - amulet of the acrobat
HPRegen  1.27/turn              F - ring "Moynang" {rPois Dex-3 SInv} (curse)
MPRegen  0.14/turn              I - ring of Gluttony {rC+ Slay+2}

@: corroded, berserk cooldown, regenerating, slowed, studying Slings, very slow
A: big wings, frail 1, negative energy resistance 1, electricity resistance,
unbreathing, petrification resistance, rot immunity, AC +11
a: Fly, Berserk, Trog's Hand, Brothers in Arms, Renounce Religion, Evoke
Invisibility


You were in the Dungeon.
You worshipped Trog.
Trog was exalted by your worship.
You were very hungry.

You visited 1 branch

Inventory:

Hand Weapons
 a - a +5 broad axe of electrocution
 g - a +5 broad axe of freezing (weapon)
 o - the +2 battleaxe "Vatidgh" {chop, rC+}
   (Trog gifted it to you in the Dungeon)

   It inflicts extra damage upon your enemies.
   It protects you from cold.
 J - the +4 executioner's axe "Lemicuess" {chop, MR+}
   (Trog gifted it to you in the Dungeon)

   It inflicts extra damage upon your enemies.
   It affects your resistance to hostile enchantments.
 O - a +4 antimagic broad axe
Armour
 b - the +15 Maxwell's patent armour (worn) {-Cast -Tele rElec MR+ rCorr}
   (You found it in the Dungeon)

   It insulates you from electricity.
   It affects your resistance to hostile enchantments.
   It prevents spellcasting.
   It prevents most forms of teleportation.
   It provides partial protection from all sources of acid and corrosion.
 y - the +0 pair of fencer's gloves (worn) {Riposte Dex+3}
   (You found it in the Dungeon)

   It affects your dexterity (+3).
 A - a +0 cloak of invisibility (worn)
 E - the +18 shield of the Gong (worn) {rElec rN+ MR+ EV-5}
   (You found it in the Dungeon)

   It affects your evasion (-5).
   It insulates you from electricity.
   It protects you from negative energy.
   It affects your resistance to hostile enchantments.
Jewellery
 x - the ring of Robustness {AC+8}
   (You found it in the Dungeon)

   [ring of protection]

   It affects your AC (+8).
 z - a +4 ring of dexterity
 B - an uncursed ring of protection from cold
 C - an uncursed amulet of regeneration
 D - a +3 ring of protection
 F - the cursed ring "Moynang" (left hand) {rPois Dex-3 SInv}
   (You found it in the Dungeon)

   [ring of dexterity]

   It affects your dexterity (-3).
   It protects you from poison.
   It lets you see invisible.
   It has a curse placed upon it.
 G - an uncursed amulet of rage
 H - a +3 ring of strength
 I - the ring of Gluttony (right hand) {rC+ Slay+2}
   (You found it in the Dungeon)

   [ring of protection from cold]

   It affects your accuracy and damage with ranged weapons and melee attacks
   (+2).
   It protects you from cold.
 K - a +2 ring of evasion
 L - a +5 ring of protection
 M - the ring of Contentment {Str+6 Stlth-}
   (You found it in the Dungeon)

   [ring of attention]

   It affects your strength (+6).
   It makes you less stealthy.
 N - an amulet of the acrobat (around neck)
 P - the ring "Gorghixa" {Fire MR- Dex+6}
   (You found it in the Dungeon)

   [ring of fire]

   It enhances your fire magic.
   It affects your dexterity (+6).
   It protects you from fire.
   It makes you vulnerable to cold.
   It affects your resistance to hostile enchantments.
 Q - the ring "Ifoxe" {*Contam rElec rF- EV+3 Dex+6}
   (You found it in the Dungeon)

   [ring of evasion]

   It affects your evasion (+3).
   It affects your dexterity (+6).
   It makes you vulnerable to fire.
   It insulates you from electricity.
   It causes magical contamination when unequipped.
 S - the ring "Ukung" {+Fly rPois rN+ Int+4}
   (You found it in the Dungeon)

   [ring of intelligence]

   It affects your intelligence (+4).
   It protects you from poison.
   It protects you from negative energy.
   It lets you fly.
 U - the ring of the Greedy {Str+7 SInv Stlth-}
   (You took it off a deep elf knight in the Dungeon)

   [ring of see invisible]

   It affects your strength (+7).
   It lets you see invisible.
   It makes you less stealthy.
 X - an uncursed ring of protection from magic
Wands
 u - a wand of disintegration (7)
 v - a wand of iceblast (7)
 w - a wand of acid (7)
Scrolls
 i - 4 scrolls of blinking
 j - 7 scrolls of fog
 k - 2 scrolls of holy word
 l - 3 scrolls of identify
 m - 5 scrolls of remove curse
 n - 2 scrolls of fear
 V - 4 scrolls of enchant weapon
Potions
 d - 10 potions of curing
 e - 7 potions of heal wounds
 f - 10 potions of haste
 h - 3 potions of berserk rage
 p - 2 potions of invisibility
 q - 4 potions of resistance
 r - a potion of experience
 s - 6 potions of agility
 t - 5 potions of might
Books
 R - a manual of Slings
Comestibles
 c - 7 rations
 W - a chunk of flesh


   Skills:
 + Level 22.2 Fighting
 + Level 19.3 Axes
 + Level 22.1 Armour
 + Level 17.9 Dodging


You had 14 spell levels left.
You didn't know any spells.
Your spell library was empty.

Dungeon Overview and Level Annotations

Branches:
Dungeon (1/1)

Altars:
Ashenzari
Cheibriados
Dithmenos
Elyvilon
Fedhas
Gozag
Hepliaklqana
Kikubaaqudgha
Makhleb
Nemelex Xobeh
Okawaru
Qazlal
Ru
Sif Muna
Trog
Uskayaw
Vehumet
Wu Jian
Xom
Yredelemnul
Zin
The Shining One
Beogh
Jiyva
Lugonu

Annotations:
D 1 transporter


Innate Abilities, Weirdness & Mutations

You are resistant to torment.
Your stone body is resilient. (AC +11)
You are immune to poison.
Your large and strong wings let you fly indefinitely.
You resist negative energy. (rN+)
You are resistant to electric shocks. (rElec)
You can survive without breathing.
You are immune to petrification.
You are immune to rotting.
You are frail. (-10% HP)


Message History

You freeze the white draconian.
You hit the white draconian but do no damage.
You slice the yellow draconian!! You freeze the yellow draconian.
You block the red draconian's attack.
GONNNNG!
Your skin crawls.
You feel resistant to hostile enchantments.
You feel somewhat more hungry.
Your stone giant hits the white draconian!!
The white draconian hits you but does no damage.
You block the yellow draconian's attack.
SHROANNG!
The green draconian stormcaller calls down the wrath of Qazlal upon you.
Qazlal smites you!
* * * LOW HITPOINT WARNING * * *
Your stone giant hits the white draconian.
The white draconian hits you but does no damage.
The black draconian stormcaller invokes the aid of Qazlal against you.
Qazlal smites you!
You die...

▓...(...©.......▓.....8©8
▓▓▓▓▓▓▓▓▓▓▓▓▓▓▓▓▓..:.)|[}
......8©8......▓..:...|.
..|::}[}[}}|}..▓........
..})|}.}.=):}..▓........
......="=......▓........
.......dk......▓........
.....dqdd......▓......†)
.....qd@dd.....▓......)†
....§dddd......▓.....÷†.
......§d.C.....▓........
....§..........▓........
...▓.......▓...▓......©.
.. ▓▓.....▓▓ ..▓▓▓▓▓▓▓▓▓
...▓.......▓...▓.....8©8
...............▓.|.):)..
.......©.......▓..||.[.)


You could see 2 draconians, 2 draconians, 2 draconians, 3 draconians, 3
draconians, 2 draconians, a wind drake and a friendly stone giant (berserk).

Vanquished Creatures
  2 liches (D)
  2 deep elf blademasters (D)
  2 acid blobs (D)
  An Executioner (D)
  2 deep elf master archers (D)
  An azure jelly (D)
  2 draconian monks (D)
  A deep elf sorcerer (D)
  An orc warlord (D)
  A ghoul (D)
  An ironheart preserver (D)
  A stone giant (D)
  A deep elf demonologist (D)
  2 vampire knights (D)
  A green draconian (D)
  A deep elf annihilator (D)
  A white draconian (D)
  2 purple draconians (D)
  A red draconian (D)
  A yellow draconian (D)
  2 death oozes (D)
  2 great orbs of eyes (D)
  A yaktaur captain (D)
  A vault guard (D)
  3 deep elf high priests (D)
  A naga warrior (D)
  A centaur warrior (D)
  4 dancing weapons (D)
  A vampire mage (D)
  2 deep elf knights (D)
  A fire crab (shapeshifter) (D)
  A sixfirhy (D)
  A large abomination (D)
  A skeletal warrior (D)
  A wretched star (D)
  An ironbrand convoker (D)
  4 deep elf archers (D)
  4 orc knights (D)
  2 necromancers (D)
  5 deep elf magi (D)
  An orc sorcerer (D)
  3 shining eyes (D)
  3 guardian serpents (D)
  2 orange demons (D)
  6 black mambas (D)
  4 eyes of devastation (D)
  A spiny frog (D)
  A yaktaur (D)
  A komodo dragon (D)
  An ancient zyme (D)
  A troll (shapeshifter) (D)
  A polar bear (D)
  2 trolls (D)
  5 slime creatures (D)
  A blink frog (D)
  A hippogriff (D)
  A water elemental (D)
  2 vampires (D)
  2 spriggans (D)
  5 shadows (D)
  An air elemental (D)
  2 yaks (D)
  A small abomination (D)
  3 golden eyes (D)
  2 neqoxecs (D)
  4 water moccasins (D)
  A hell hound (D)
  2 orc warriors (D)
  2 necrophages (D)
  An ogre (D)
  2 black bears (D)
  An eye of draining (D)
  A phantom (D)
  A wolf (D)
  3 crocodiles (D)
  2 bullfrogs (D)
  3 earth elementals (D)
  4 wights (D)
  A crimson imp (D)
  3 jellies (D)
  2 orc priests (D)
  5 iron imps (D)
  2 iguanas (D)
  4 adders (D)
  4 white imps (D)
  A spectral adder (D)
  3 ufetubi (D)
  3 oozes (D)
  4 adder zombies (D)
  2 adder skeletons (D)
  2 spectral bats (D)
  2 ball pythons (D)
  3 bat skeletons (D)
  A bat zombie (D)
  A jackal (D)
  2 ball python skeletons (D)
  A giant cockroach zombie (D)
  A jackal skeleton (D)
  2 jackal zombies (D)
  A leopard gecko zombie (D)
  2 quokka skeletons (D)
  A quokka zombie (D)
  5 crawling corpses (D)
204 creatures vanquished.

Vanquished Creatures (collateral kills)
  A white draconian (D)
  A red draconian (D)
  A purple draconian (D)
3 creatures vanquished.

Grand Total: 207 creatures vanquished

Notes
Turn   | Place    | Note
-------+----------+-------------------------------------------
     0 | D        | Fang the Gargoyle Berserker began the quest for the Orb.
     0 | D        | Reached XP level 1. HP: 14/14 MP: 1/1
     0 | D        | Found a blossoming altar of Fedhas.
     1 | D        | Found the +6 Majin-Bo {vamp, Archmagi MP+6 Int+6}
     1 | D        | Found the +7 great mace "Firestarter" {inner flame, rF++}
     1 | D        | Found a transporter.
     1 | D        | Found a viscous altar of Jiyva.
     1 | D        | Found an ancient bone altar of Kikubaaqudgha.
     1 | D        | Found a hazy altar of Hepliaklqana.
     1 | D        | Found a corrupted altar of Lugonu.
     1 | D        | Found an opulent altar of Gozag.
     1 | D        | Found a burning altar of Makhleb.
    22 | D        | Found an iron altar of Okawaru.
    22 | D        | Found a stormy altar of Qazlal.
    22 | D        | Found a sparkling altar of Nemelex Xobeh.
    22 | D        | Found a sacrificial altar of Ru.
    22 | D        | Found a shimmering blue altar of Sif Muna.
    28 | D        | Found the +9 heavy crossbow "Sniper" {velocity, Acc+∞ SInv}
    28 | D        | Found the +10 dark maul {crush}
    28 | D        | Found the +15 Maxwell's patent armour {-Cast -Tele rElec
                  | MR+ rCorr}
    28 | D        | Found the +18 shield of the Gong {rElec rN+ MR+ EV-5}
    28 | D        | Found the cursed +14 obsidian axe {chop, +Fly SInv *Curse}
    34 | D        | Found a bloodstained altar of Trog.
    81 | D        | Entered arena 2.
    81 | D        | Noticed a wolf
    81 | D        | Noticed a spriggan
    81 | D        | Found a transporter.
    87 | D        | Killed a wolf
    87 | D        | Reached skill level 5 in Fighting
    87 | D        | Reached XP level 2. HP: 21/21 MP: 2/2
    87 | D        | Reached XP level 3. HP: 26/26 MP: 3/3
    87 | D        | Reached XP level 4. HP: 31/31 MP: 4/4
    87 | D        | Killed a spriggan
    87 | D        | Reached skill level 5 in Dodging
    87 | D        | Reached XP level 5. HP: 38/38 MP: 5/5
    87 | D        | Reached XP level 6. HP: 44/44 MP: 6/6
   241 | D        | Entered arena 3.
   241 | D        | Noticed a black bear
   241 | D        | Noticed a black bear
   241 | D        | Noticed a spriggan
   241 | D        | Found a transporter.
   245 | D        | Killed a black bear
   245 | D        | Reached ** piety under Trog
   246 | D        | Killed a spriggan
   246 | D        | Reached XP level 7. HP: 50/50 MP: 7/7
   289 | D        | Entered arena 4.
   289 | D        | Found a transporter.
   290 | D        | Found the ring of Robustness {AC+8}
   292 | D        | Reached *** piety under Trog
   313 | D        | Entered arena 5.
   313 | D        | Found a transporter.
   314 | D        | Found the +0 pair of fencer's gloves {Riposte Dex+3}
   314 | D        | Reached **** piety under Trog
   337 | D        | Entered arena 6.
   337 | D        | Found a transporter.
   340 | D        | Reached ***** piety under Trog
   342 | D        | Reached XP level 8. HP: 56/57 MP: 8/8
   342 | D        | Received a gift from Trog
   362 | D        | Entered arena 7.
   362 | D        | Noticed a fire crab
   362 | D        | Noticed a shining eye
   362 | D        | Noticed a troll
   362 | D        | Noticed a shining eye
   364 | D        | Found a transporter.
   370 | D        | Killed a troll
   370 | D        | Reached skill level 10 in Fighting
   370 | D        | Reached skill level 10 in Armour
   370 | D        | Killed a shining eye
   371 | D        | Killed a fire crab
   371 | D        | Reached XP level 9. HP: 64/64 MP: 9/9
   373 | D        | Killed a shining eye
   373 | D        | Reached skill level 10 in Axes
   375 | D        | Gained mutation: You are frail. (-10% HP) [a neqoxec]
   515 | D        | Entered arena 8.
   515 | D        | Noticed a yaktaur
   515 | D        | Noticed a yaktaur captain
   515 | D        | Noticed an ironheart preserver
   515 | D        | Noticed a centaur warrior
   515 | D        | Noticed an ironbrand convoker
   515 | D        | Noticed a vault guard
   516 | D        | Found a transporter.
   520 | D        | Killed a centaur warrior
   520 | D        | Received a gift from Trog
   520 | D        | Reached XP level 10. HP: 64/64 MP: 10/10
   527 | D        | Noticed a skeletal warrior
   527 | D        | Noticed a guardian serpent
   527 | D        | Noticed a lich
   527 | D        | Noticed a great orb of eyes
   527 | D        | Noticed an orc knight
   528 | D        | Killed an ironheart preserver
   528 | D        | Reached skill level 10 in Dodging
   529 | D        | Killed a yaktaur captain
   531 | D        | Killed a vault guard
   531 | D        | Killed an ironbrand convoker
   531 | D        | Reached XP level 11. HP: 72/72 MP: 11/11
   531 | D        | Reached ****** piety under Trog
   531 | D        | Received a gift from Trog
   532 | D        | Killed a great orb of eyes
   533 | D        | Killed a skeletal warrior
   534 | D        | Killed a lich
   534 | D        | Received a gift from Trog
   534 | D        | Reached skill level 15 in Fighting
   534 | D        | Reached skill level 15 in Armour
   540 | D        | Killed an orc knight
   678 | D        | Entered arena 9.
   678 | D        | Noticed a shining eye
   679 | D        | Found a transporter.
   688 | D        | Killed a shining eye
   689 | D        | Received a gift from Trog
   727 | D        | Entered arena 10.
   727 | D        | Noticed a deep elf archer
   727 | D        | Noticed a deep elf archer
   727 | D        | Noticed a deep elf mage
   727 | D        | Noticed a deep elf knight
   727 | D        | Noticed a deep elf archer
   727 | D        | Noticed a +4 long sword of slicing
   728 | D        | Found a transporter.
   733 | D        | Killed a +4 long sword of slicing
   733 | D        | Reached XP level 12. HP: 79/79 MP: 12/12
   735 | D        | Killed a deep elf knight
   735 | D        | Received a gift from Trog
   744 | D        | Received a gift from Trog
   796 | D        | Entered arena 11.
   797 | D        | Found a transporter.
   802 | D        | Received a gift from Trog
   821 | D        | Got a transparent executioner's axe {god gift}
   822 | D        | Identified the +4 executioner's axe "Lemicuess" {chop, MR+}
                  | (Trog gifted it to you in the Dungeon)
   837 | D        | Entered arena 12.
   837 | D        | Noticed a vampire knight
   843 | D        | Received a gift from Trog
   862 | D        | Killed a vampire knight
   862 | D        | Received a gift from Trog
   865 | D        | Found a transporter.
   910 | D        | Entered arena 13.
   911 | D        | Noticed a ghoul
   917 | D        | Received a gift from Trog
   934 | D        | Killed a ghoul
   936 | D        | Found a transporter.
   985 | D        | Entered arena 14.
   985 | D        | Noticed a vampire mage
   988 | D        | Noticed a lich
   991 | D        | Noticed a vampire knight
   992 | D        | Killed a vampire mage
   996 | D        | Received a gift from Trog
   998 | D        | Killed a lich
   998 | D        | Reached skill level 15 in Axes
  1000 | D        | Received a gift from Trog
  1001 | D        | Found a transporter.
  1009 | D        | Killed a vampire knight
  1009 | D        | Reached XP level 13. HP: 64/87 MP: 13/13
  1013 | D        | Got a brightly glowing battleaxe {god gift}
  1014 | D        | Identified the +2 battleaxe "Vatidgh" {chop, rC+} (Trog
                  | gifted it to you in the Dungeon)
  1114 | D        | Entered arena 15.
  1117 | D        | Found a transporter.
  1122 | D        | Received a gift from Trog
  1130 | D        | Received a gift from Trog
  1151 | D        | Got the ring "Ukung" {+Fly rPois rN+ Int+4}
  1194 | D        | Entered arena 16.
  1195 | D        | Noticed an orc warlord
  1196 | D        | Noticed a stone giant
  1197 | D        | Found a transporter.
  1208 | D        | Killed an orc warlord
  1209 | D        | Received a gift from Trog
  1216 | D        | Killed a stone giant
  1330 | D        | Entered arena 17.
  1333 | D        | Noticed an Executioner
  1340 | D        | Received a gift from Trog
  1341 | D        | Killed an Executioner
  1341 | D        | Reached skill level 15 in Dodging
  1344 | D        | Received a gift from Trog
  1354 | D        | Found a transporter.
  1514 | D        | Entered arena 18.
  1521 | D        | Received a gift from Trog
  1525 | D        | Received a gift from Trog
  1530 | D        | Received a gift from Trog
  1539 | D        | Found a transporter.
  1555 | D        | Got the cursed ring "Moynang" {rPois Dex-3 SInv}
  1564 | D        | Got the ring of Gluttony {rC+ Slay+2}
  1589 | D        | Entered arena 19.
  1592 | D        | Noticed a death ooze
  1592 | D        | Noticed an acid blob
  1593 | D        | Noticed a death ooze
  1593 | D        | Noticed a great orb of eyes
  1593 | D        | Noticed an acid blob
  1593 | D        | Noticed an azure jelly
  1599 | D        | Received a gift from Trog
  1602 | D        | Killed an acid blob
  1602 | D        | Gained mutation: Your large and strong wings let you fly
                  | indefinitely. [Gargoyle growth]
  1602 | D        | Reached XP level 14. HP: 95/95 MP: 0/14
  1602 | D        | Killed an acid blob
  1602 | D        | Received a gift from Trog
  1611 | D        | Killed an azure jelly
  1611 | D        | Received a gift from Trog
  1615 | D        | Found a transporter.
  1647 | D        | Got the ring of Contentment {Str+6 Stlth-}
  1649 | D        | Got the ring "Gorghixa" {Fire MR- Dex+6}
  1658 | D        | Got the ring "Ifoxe" {*Contam rElec rF- EV+3 Dex+6}
  1753 | D        | Entered arena 20.
  1758 | D        | Noticed a deep elf sorcerer
  1758 | D        | Noticed a deep elf blademaster
  1758 | D        | Noticed a deep elf blademaster
  1758 | D        | Noticed a deep elf demonologist
  1758 | D        | Noticed a deep elf master archer
  1759 | D        | Noticed a deep elf annihilator
  1759 | D        | Identified the +4 mace of True Grit {pain, rC+ MR+}
  1759 | D        | Identified the ring of the Greedy {Str+7 SInv Stlth-}
  1759 | D        | Noticed a deep elf master archer
  1763 | D        | Received a gift from Trog
  1769 | D        | Killed a deep elf blademaster
  1773 | D        | Killed a deep elf master archer
  1774 | D        | Noticed a Brimstone Fiend
  1775 | D        | Killed a deep elf master archer
  1775 | D        | Received a gift from Trog
  1777 | D        | Killed a deep elf blademaster
  1778 | D        | Received a gift from Trog
  1781 | D        | Killed a deep elf demonologist
  1786 | D        | Found a transporter.
  1788 | D        | Killed a deep elf annihilator
  1789 | D        | Received a gift from Trog
  1796 | D        | Killed a deep elf sorcerer
  1807 | D        | Received a gift from Trog
  1807 | D        | Reached XP level 15. HP: 26/103 MP: 15/15
  1976 | D        | Entered arena 21.
  1981 | D        | Found the amulet of the Air {Inacc +Fly rElec EV+5 RMsl}
  1981 | D        | Noticed a black draconian stormcaller
  1981 | D        | Noticed a green draconian stormcaller
  1981 | D        | Noticed a purple draconian monk
  1983 | D        | Noticed a yellow draconian monk
  1984 | D        | Found a transporter.
  1998 | D        | Received a gift from Trog
  2000 | D        | Killed a purple draconian monk
  2000 | D        | HP: 4/104 [acid (7)]
  2002 | D        | Killed a yellow draconian monk
  2003 | D        | Killed from afar by a black draconian stormcaller

Levels and vault maps discovered:
D:        sprint_v [room_start, room_1, room_2, room_3, room_4, room_5, room_6,
          room_7, room_8, room_9, room_10, room_11, room_12, room_13, room_14,
          room_15, room_16, room_17, room_18, room_19, room_20, room_21,
          room_22, room_23, room_24, room_25, room_26, room_27]

Skill      XL: |  1  2  3  4  5  6  7  8  9 10 11 12 13 14 15 |
---------------+----------------------------------------------+-----
Fighting       | 5 7 8 9 11 12 14 15 17 19 21 22 | 22.2
Axes           | 4 6 7 8 9 10 12 13 15 16 18 19 | 19.3
Armour         | 4 6 8 9 11 12 13 15 17 19 21 22 | 22.1
Dodging        | 3 5 6 7 8 9 11 12 14 15 17 | 17.9

Action                   |  1- 3 |  4- 6 |  7- 9 | 10-12 | 13-15 || total
-------------------------+-------+-------+-------+-------+-------++-------
Melee: Broad axe         |     5 |     3 |    35 |   116 |   156 ||   315
Invok: Berserk           |     1 |     1 |     2 |     5 |     6 ||    15
       Trog's Hand       |       |       |       |       |     1 ||     1
       Brothers in Arms  |       |       |       |       |     1 ||     1
  Use: Scroll            |       |       |     1 |     1 |     5 ||     7
       Potion            |       |       |       |       |     3 ||     3
  Eat: Chunk             |       |       |     2 |     6 |    10 ||    18
Armor: Plate armour      |     1 |       |    19 |    60 |   133 ||   213
Dodge: Dodged            |       |       |     3 |    17 |    47 ||    67
Block: Shield            |    10 |     2 |    44 |   143 |   248 ||   447
       Rpst.: Broad axe  |       |       |     2 |     8 |     8 ||    18
